 Dungeon Crawl Stone Soup version 0.31-a0-164-g2312942fda (webtiles) character file.

Game seed: 4627477712400451799

2 Serulin the Sneak (level 1, -4/14 HPs)
             Began as a Gargoyle Delver on June 13, 2023.
             Slain by Duvessa
             ... wielding a +2 short sword of holy wrath
              (7 damage)
             ... on level 5 of the Dungeon.
             The game lasted 00:00:30 (50 turns).

Serulin the Sneak (Gargoyle Delver)                   Turns: 50, Time: 00:00:31

Health: -4/14      AC:  5    Str: 15    XL:     1   Next: 30%
Magic:  1/1        EV: 11    Int: 10    God:
Gold:   0          SH:  0    Dex: 11    Spells: 0/0 levels left

rFire   . . .        a - +0 mace
rCold   . . .        (no shield)
rNeg    + . .        b - +0 leather armour
rPois   ∞            (no helmet)
rElec   +            (no cloak)
rCorr   .            (no gloves)
SInv    .            (no boots)
Will    .....        (no amulet)
Stlth   +++          (no ring)
HPRegen 0.22/turn    (no ring)
MPRegen 0.07/turn

%: no passive effects
@: no status effects
A: sickness immunity, AC +2, negative energy resistance 1, electricity
resistance, torment resistance 1, petrification resistance
a: no special abilities


You were on level 5 of the Dungeon.
You visited 1 branch of the dungeon, and saw 1 of its levels.

Inventory:

Hand Weapons
 a - a +0 mace (weapon)
Armour
 b - a +0 leather armour (worn)
Wands
 g - a wand of digging (3)
Scrolls
 c - a scroll of fog
 d - 2 scrolls of revelation
 e - a scroll of fear
Potions
 f - a potion of haste


   Skills:
 + Level 3.3 Fighting
 + Level 2.0 Maces & Flails
 * Level 0.2 Armour
 + Level 1.6 Dodging
 - Level 5.4 Stealth


You couldn't memorise any spells.
You didn't know any spells.
Your spell library was empty.

Dungeon Overview and Level Annotations

Branches:
Dungeon (5/15)
 Temple: D:4-7

Altars:

Annotations:
D:5 Dowan, Duvessa


Innate Abilities, Weirdness & Mutations

You are immune to sickness and miasma.
Your stone body is resilient. (AC +2)
You are immune to poison.
You resist negative energy. (rN+)
You are resistant to electric shocks. (rElec)
You are resistant to unholy torment.
You are immune to petrification.


Message History

The helpless orc fails to defend itself.
You sock the orc!
You kill the orc!
No target in view!
d - 2 scrolls of revelation (gained 1)
Things that are here:
a +0 short sword; an orc corpse
Found a stone staircase leading up.
An adder comes into view.
The adder hisses angrily.
Dowan, Brother of Duvessa comes into view.
He is wielding a +0 dagger.
Found 20 gold pieces.
Duvessa, Sister of Dowan comes into view.
She is wielding a +2 short sword of holy wrath.
Duvessa shouts!
Found a stone staircase leading up.
The adder bites you. The adder closely misses you.
You hit the adder but do no damage. The adder bites you.
You closely miss the adder.
The adder bites you but does no damage. x2
You hit the adder but do no damage. The adder bites you but does no damage.
Dowan casts a spell.
Dowan blinks!
The adder bites you.
You miss the adder. The adder bites you but does no damage.
Duvessa hits you with a +2 short sword of holy wrath.
You are too injured to fight recklessly!
You are too injured to fight recklessly!
Unknown command.
You are too injured to fight recklessly!
You are too injured to fight recklessly!
You are too injured to fight recklessly!
You miss the adder. The adder closely misses you. Duvessa barely misses you.
The adder bites you.
* * * LOW HITPOINT WARNING * * *
You closely miss the adder.
Duvessa says, "Where magic fails, the sword succeeds!"
Duvessa hits you but does no damage. The adder barely misses you.
The adder bites you.
* * * LOW HITPOINT WARNING * * *
Duvessa hits you with a +2 short sword of holy wrath!
Ouch! That really hurt!
You die...

##....<...
##.........
.#......^..
..........
#.e.......
.........
#$e......
####@S<.....
#....#######
####.####
#####....#
........##
##....#)####
#.####....##
.. ####..##
. ##..####


You could see Duvessa, Dowan and an adder.

Vanquished Creatures
  An orc (D:5)
1 creature vanquished.

Notes
Turn   | Place    | Note
-------+----------+-------------------------------------------
     0 | D:5      | Serulin the Gargoyle Delver began the quest for the Orb.
     0 | D:5      | Reached XP level 1. HP: 14/14 MP: 1/1
    41 | D:5      | Noticed Dowan
    42 | D:5      | Noticed Duvessa
    50 | D:5      | Slain by Duvessa

Illustrated notes

Levels and vault maps discovered:
D:5:      layout_rooms, uniq_grinder, uniq_menkaure, uniq_eustachio,
          uniq_duvessa, uniq_edmund

Action                     || total
---------------------------++-------
  Melee: Mace              ||     7
   Stab: Sleeping          ||     1
 Armour: Leather armour    ||     5
  Dodge: Dodged            ||     4

Table legend: (Time is in decaauts)
 A = Elapsed time spent in this place.
 B = Non-inter-level travel time spent in this place.
 C = Inter-level travel time spent in this place.
 D = Time resting spent in this place.
 E = Time spent auto-exploring this place.
 F = Levels seen in this place.
 G = Mean time per level.
                   A        B        C        D        E       F      G
               +--------+--------+--------+--------+--------+-----+--------+
         Total |     51 |     51 |      0 |      0 |      0 |   1 |   51.0 |
       Dungeon |     51 |     51 |      0 |      0 |      0 |   1 |   51.0 |
               +--------+--------+--------+--------+--------+-----+--------+

Top non-repeatable levels by time:
     D:5: 51 daAuts
